 Dungeon Crawl Stone Soup version 0.31-a0-149-g3fdcc5976a (webtiles) character file.

Game seed: 15205248331371197048

793 qw the Skirmisher (level 7, -3/61 HPs)
             Began as a Minotaur Hunter on June 7, 2023.
             Slain by a gnoll
             ... wielding a +0 club
              (5 damage)
             ... on level 5 of the Dungeon.
             The game lasted 00:02:01 (5044 turns).

qw the Skirmisher (Minotaur Hunter)                 Turns: 5044, Time: 00:02:02

Health: -3/61      AC:  7    Str: 15    XL:     7   Next: 57%
Magic:  6/6        EV: 12    Int:  6    God:
Gold:   208        SH:  0    Dex: 16    Spells: 6/6 levels left

rFire   . . .        Y - +0 orcbow
rCold   + . .        (shield currently unavailable)
rNeg    . . .        f - +0 ring mail
rPois   .            (helmet restricted)
rElec   .            (no cloak)
rCorr   .            j - +0 pair of gloves
SInv    .            a - +0 pair of boots
Will    +....        (no amulet)
Stlth   +            l - ring of protection from cold
HPRegen 0.30/turn    r - ring of willpower
MPRegen 0.10/turn

%: no passive effects
@: about to teleport
A: horns 2, retaliatory headbutt
a: no special abilities


You were on level 5 of the Dungeon.
You visited 1 branch of the dungeon, and saw 5 of its levels.

You collected 208 gold pieces.


Innate Abilities, Weirdness & Mutations

You have a pair of horns on your head.
You reflexively headbutt those who attack you in melee.


   Skills:
 - Level 5.0 Fighting
 + Level 8.8 Ranged Weapons
 - Level 2.3 Armour
 - Level 3.2 Dodging
 - Level 0.7 Stealth


You had 6 spell levels left.
You didn't know any spells.
Your spell library was empty.

Inventory:

Hand Weapons
 Y - a +0 orcbow (weapon)
Armour
 a - a +0 pair of boots (worn)
 f - a +0 ring mail (worn)
 j - a +0 pair of gloves (worn)
Jewellery
 l - a ring of protection from cold (left hand)
 r - a ring of willpower (right hand)
Scrolls
 b - a scroll of enchant weapon {unknown}
 e - 3 scrolls of identify
Potions
 d - 2 potions of ambrosia {unknown}
 g - a potion of might
 h - a potion of resistance {unknown}
 i - a potion of mutation {unknown}
 k - a potion of attraction {unknown}
 m - a potion of cancellation {unknown}
 p - a potion of haste {unknown}

Dungeon Overview and Level Annotations

Branches:
Dungeon (5/15)
 Temple: D:4-7

Altars:
Cheibriados
Uskayaw


Message History

You shoot an arrow. The arrow hits the gnoll bouda.
The gnoll bouda is lightly wounded.
The gnoll hits you from afar with a +0 halberd.
You shoot an arrow. The arrow hits the gnoll bouda!
The gnoll bouda is severely wounded.
The gnoll barely misses you. The gnoll bouda completely misses you.
The gnoll closely misses you.
You shoot an arrow.
The arrow barely misses the gnoll bouda.
The arrow barely misses the gnoll.
The arrow hits the gnoll!
The gnoll is severely wounded.
The gnoll barely misses you. The gnoll closely misses you.
The gnoll bouda hits you with a +0 whip!
The gnoll misses you. x2
You shoot an arrow.
The arrow closely misses the gnoll bouda.
The arrow hits the gnoll.
The gnoll is heavily wounded.
The gnoll misses you. The gnoll bouda barely misses you.
You furiously retaliate!
You headbutt the gnoll bouda!
You kill the gnoll bouda!
The gnoll misses you. The gnoll hits you but does no damage.
The gnoll hits you from afar with a +0 spear.
You shoot an arrow. The arrow hits the gnoll!
You kill the gnoll!
The gnoll hits you from afar with a +0 halberd.
The gnoll completely misses you.
You shoot an arrow. The arrow closely misses the gnoll.
The gnoll hits you from afar with a +0 halberd.
The gnoll hits you but does no damage. The gnoll hits you with a +0 club.
5043 ||| READING scroll of teleportation.
As you read the scroll of teleportation, it crumbles to dust.
You feel strangely unstable.
The gnoll hits you from afar with a +0 halberd.
The gnoll barely misses you. The gnoll hits you with a +0 club!
You shoot an arrow. The arrow barely misses the gnoll.
The gnoll shouts!
The gnoll misses you. The gnoll closely misses you.
The gnoll hits you with a +0 club.
You die...

..# #.##.# #.#..# ..####.##.##
#.##.### ......>.#..###.##...##
.#####.........####..############
P......%....%....................
~~~~~~~)~~~~~~~~%~.)..~~~~~~~~~~~
~~~~~~~~~~~~~~~~~~....~~~~~~~~~~~
~#####~)~~~~~~~~~~g...~~~~~~~~~~~
~#...#..).......@g).)............
~#...#############g'''###########
~###'# .#...)#.. ~~.#.' .'g...g..
~~.# ....#.. ~~.# ####### ~~.#
~~.# ~~.#


You could see 4 gnolls.

Vanquished Creatures
  Pargi (D:3)
  A centaur (D:4)
  5 hounds
  A gnoll bouda (D:5)
  An orc wizard (D:5)
  A sleepcap (D:5)
  Jessica (D:3)
  Natasha (twice) (D:3)
  Robin (D:4)
  6 gnolls
  12 adders
  2 worms
  2 dart slugs
  12 orcs (D:5)
  5 endoplasms
  3 giant cockroaches (D:1)
  12 goblins
  12 hobgoblins
  13 jackals (D:5)
  7 quokkas
  6 ball pythons
  8 bats
  2 frilled lizards (D:2)
  3 kobolds
  9 rats
128 creatures vanquished.

Notes
Turn   | Place    | Note
-------+----------+-------------------------------------------
     0 | D:1      | qw the Minotaur Hunter began the quest for the Orb.
     0 | D:1      | Reached XP level 1. HP: 18/18 MP: 0/0
     0 | D:1      | 0 ||| qw: Version: 0.2-a-117-gc6b5c8b
     0 | D:1      | 0 ||| qw: Game counter: 2669
     0 | D:1      | 0 ||| qw: Always use a shield: true
     0 | D:1      | 0 ||| qw: God list: Okawaru
     0 | D:1      | 0 ||| qw: Allow faded altars: false
     0 | D:1      | 0 ||| qw: Do Orc after D:15 true
     0 | D:1      | 0 ||| qw: Do second Lair branch before Depths: true
     0 | D:1      | 0 ||| qw: Lair rune preference: random
     0 | D:1      | 0 ||| qw: Plans: Normal
     0 | D:1      | 0 ||| PLANNING D:1-11
    84 | D:1      | Reached XP level 2. HP: 25/25 MP: 1/1
   116 | D:1      | Reached skill level 5 in Ranged Weapons
   274 | D:1      | Reached skill level 3 in Fighting
   612 | D:1      | Reached XP level 3. HP: 31/31 MP: 2/2
  1074 | D:1      | 1074 ||| READING scroll labelled ZUAGOT BOUTOR.
  1075 | D:1      | 1075 ||| READING scroll labelled SEHAWK NA NECRO.
  1076 | D:1      | 1076 ||| READING scroll labelled ONNIXT ERYBONU.
  1077 | D:1      | 1077 ||| DROPPING scroll of butterflies.
  1079 | D:1      | 1079 ||| Stepping ~*~*~tactically~*~*~ (cloud).
  1722 | D:2      | 1722 ||| UPGRADING to +0 pair of boots.
  1727 | D:2      | 1727 ||| UPGRADING to +0 ring mail.
  1737 | D:2      | 1737 ||| DROPPING +0 leather armour.
  1738 | D:2      | 1738 ||| UPGRADING to +0 pair of gloves.
  1743 | D:2      | 1743 ||| READING scroll labelled HYNICU BOUCUUD.
  1831 | D:3      | Reached skill level 1 in Armour
  1831 | D:3      | Reached XP level 4. HP: 38/38 MP: 3/3
  1880 | D:3      | Reached skill level 6 in Ranged Weapons
  2022 | D:3      | Found a hide-covered altar of Uskayaw.
  2098 | D:3      | Noticed Pargi
  2112 | D:3      | HP: 9/38 [Pargi (2)]
  2113 | D:3      | Killed Pargi
  2114 | D:3      | Reached XP level 5. HP: 11/48 MP: 4/4
  2351 | D:3      | Noticed Jessica
  2357 | D:3      | Killed Jessica
  2479 | D:3      | Noticed Natasha
  2480 | D:3      | 2480 ||| FLEEEEING.
  2481 | D:3      | 2481 ||| FLEEEEING.
  2482 | D:3      | 2482 ||| FLEEEEING.
  2483 | D:3      | 2483 ||| FLEEEEING.
  2484 | D:3      | 2484 ||| FLEEEEING.
  2485 | D:3      | 2485 ||| FLEEEEING.
  2486 | D:3      | 2486 ||| FLEEEEING.
  2487 | D:3      | 2487 ||| FLEEEEING.
  2493 | D:3      | 2493 ||| FLEEEEING.
  2494 | D:3      | 2494 ||| FLEEEEING.
  2495 | D:3      | 2495 ||| FLEEEEING.
  2496 | D:3      | 2496 ||| FLEEEEING.
  2497 | D:3      | 2497 ||| FLEEEEING.
  2499 | D:3      | 2499 ||| Stepping ~*~*~tactically~*~*~ (outnumbered).
  2504 | D:3      | Killed Natasha
  2672 | D:3      | Noticed Natasha
  2681 | D:3      | Killed Natasha
  2682 | D:3      | Reached XP level 6. HP: 46/56 MP: 5/5
  2990 | D:3      | 2990 ||| UPGRADING to ring of protection from cold.
  2991 | D:3      | 2991 ||| READING scroll labelled FIRIMI VIJINK.
  3044 | D:4      | 3044 ||| Stepping ~*~*~tactically~*~*~ (outnumbered).
  3058 | D:4      | Reached skill level 7 in Ranged Weapons
  3282 | D:4      | Noticed Robin
  3282 | D:4      | HP: 13/56 [centaur/arrow (12)]
  3283 | D:4      | 3283 ||| Stepping ~*~*~tactically~*~*~ (outnumbered).
  3287 | D:4      | HP: 6/56 [centaur (4)]
  3292 | D:4      | Killed Robin
  3293 | D:4      | 3293 ||| FLEEEEING.
  3294 | D:4      | 3294 ||| FLEEEEING.
  3295 | D:4      | 3295 ||| FLEEEEING.
  3299 | D:4      | 3299 ||| FLEEEEING.
  3300 | D:4      | 3300 ||| FLEEEEING.
  3301 | D:4      | 3301 ||| FLEEEEING.
  3304 | D:4      | HP: 7/56 [goblin/+0 club[Robin] (3)]
  3454 | D:4      | 3454 ||| FLEEEEING.
  3492 | D:4      | 3492 ||| SWAPPING to +0 orcbow.
  3495 | D:4      | 3495 ||| DROPPING +0 shortbow.
  4327 | D:4      | 4327 ||| UPGRADING to ring of willpower.
  4328 | D:4      | 4328 ||| READING scroll labelled YMEMYILEFO.
  4329 | D:4      | 4329 ||| READING scroll labelled UPOBRI WAM PAPH.
  4332 | D:4      | 4332 ||| READING scroll labelled PASSIO JOMUUC.
  4333 | D:4      | 4333 ||| DRINKING 2 black potions.
  4334 | D:4      | 4334 ||| READING 2 scrolls of identify.
  4334 | D:4      | 4334 ||| IDENTIFYING murky silvery potion
  4335 | D:4      | 4335 ||| DROPPING potion of berserk rage.
  4359 | D:5      | Entered Level 5 of the Dungeon
  4373 | D:5      | Reached XP level 7. HP: 44/61 MP: 6/6
  4446 | D:5      | Reached skill level 8 in Ranged Weapons
  4475 | D:5      | 4475 ||| FLEEEEING.
  4476 | D:5      | 4476 ||| FLEEEEING.
  4477 | D:5      | 4477 ||| FLEEEEING.
  4554 | D:5      | Reached skill level 3 in Dodging
  4567 | D:5      | Found a snail-covered altar of Cheibriados.
  5036 | D:5      | 5036 ||| Stepping ~*~*~tactically~*~*~ (outnumbered).
  5042 | D:5      | HP: 14/61 [gnoll/+0 club (5)]
  5043 | D:5      | 5043 ||| READING scroll of teleportation.
  5043 | D:5      | HP: 2/61 [gnoll/+0 club (8)]
  5044 | D:5      | Slain by a gnoll

Levels and vault maps discovered:
D:1:      lightli_arrival_statuegarden, layout_basic, chequers_arboretum,
          minmay_tromino_mix6
D:2:      layout_basic, st_stairs_7
D:3:      layout_basic, mainiacjoe_overflow_concentric_impassable, uniq_jessica,
          uniq_pargi, uniq_natasha
D:4:      layout_basic, serial_rivers, chequers_serial_rivers_room_b,
          chequers_serial_rivers_room_a, chequers_serial_rivers_micro_d,
          chequers_serial_rivers_room_a, chequers_serial_rivers_micro_e,
          guppyfry_early_lair_pool, uniq_robin
D:5:      lemuel_castle_with_subvaults [lemuel_castle_interior_carwin_1],
          layout_rooms, mainiacjoe_overflow_six_doors_small, st_stairs_10

Skill      XL: |  1  2  3  4  5  6  7 |
---------------+----------------------+-----
Ranged Weapons | 5 6 7 8 |  8.8
Fighting       | 3 5 |  5.0
Armour         | 1 2 |  2.3
Dodging        | 3 |  3.2
Stealth        | |  0.7

Action                     |  1- 3 |  4- 6 |  7- 9 || total
---------------------------+-------+-------+-------++-------
   Fire: Shortbow          |   120 |   158 |       ||   278
         Orcbow            |       |    27 |   116 ||   143
    Use: Scroll            |     4 |     5 |     1 ||    10
         Potion            |       |     1 |       ||     1
 Armour: Leather armour    |    10 |       |       ||    10
         Ring mail         |       |    55 |    14 ||    69
  Dodge: Dodged            |    32 |    66 |    44 ||   142

Table legend:
 A = Non-vault XP
 B = Vault XP
 C = Vault XP percentage of total XP
 D = Non-vault monster count
 E = Vault monster count
 F = Vault count percentage of total count
                 A         B        C        D         E       F
            +---------+---------+-------+---------+---------+-------
      Total |     664 |     469 |  41.4 |      81 |      47 |  36.7
            +---------+---------+-------+---------+---------+-------
        D:1 |      45 |       4 |   8.2 |      26 |       3 |  10.3
        D:2 |      44 |       2 |   4.3 |      12 |       2 |  14.3
        D:3 |     111 |     204 |  64.8 |      18 |       3 |  14.3
        D:4 |     227 |      72 |  24.1 |      13 |      13 |  50.0
        D:5 |     237 |     187 |  44.1 |      12 |      26 |  68.4
            +---------+---------+-------+---------+---------+-------
